 Dungeon Crawl Stone Soup version 0.31-a0-986-g5e6e4ef867 (webtiles) character file.

Game seed: 17210964931803342292

156 LadyBoffin the Chopper (level 5, -5/47 HPs)
             Began as a Hill Orc Cinder Acolyte on Nov 9, 2023.
             Was a High Priest of Ignis.
             Slain by Terence
             ... wielding a +0 trident
              (8 damage)
             ... on level 3 of the Dungeon.
             The game lasted 00:05:45 (2776 turns).

LadyBoffin the Chopper (Hill Orc Cinder Acolyte)    Turns: 2776, Time: 00:05:46

Health: -5/47      AC:  4    Str: 19    XL:     5   Next: 38%
Magic:  0/6        EV: 11    Int: 14    God:    Ignis [*****.]
Gold:   238        SH:  5    Dex:  6    Spells: 6/6 levels left

rFire   + . .        a - -1 hand axe (flame)
rCold   . . .        j - +2 buckler
rNeg    . . .        l - +0 leather armour
rPois   .            (no helmet)
rElec   .            (no cloak)
rCorr   .            f - +0 pair of gloves
SInv    +            (no boots)
Will    .....        m - amulet of guardian spirit
Stlth   +            n - ring of flight
HPRegen 0.27/turn    p - ring of see invisible
MPRegen 0.10/turn

%: guardian spirit
@: flying
A: no striking features
a: Renounce Religion, Fiery Armour, Foxfire Swarm, Rising Flame


You were on level 3 of the Dungeon.
You worshipped Ignis.
Ignis was extremely pleased with you.
You visited 1 branch of the dungeon, and saw 3 of its levels.

You collected 238 gold pieces.

Inventory:

Hand Weapons
 a - a -1 hand axe of flaming (weapon)
Armour
 b - a +0 robe
 f - a +0 pair of gloves (worn)
 j - a +2 buckler (worn)
 l - a +0 leather armour (worn)
Jewellery
 m - an amulet of guardian spirit (around neck)
 n - a ring of flight (left hand)
 p - a ring of see invisible (right hand)
Scrolls
 c - a scroll of revelation
 d - 2 scrolls of noise
 e - a scroll of fog {unknown}
 h - a scroll of immolation {unknown}
 o - 2 scrolls of teleportation
 q - a scroll of silence {unknown}
Potions
 g - 3 potions of curing
 i - a potion of brilliance
 r - a potion of heal wounds {unknown}


   Skills:
 + Level 4.9 Fighting
 + Level 5.3 Axes
 + Level 1.4 Armour
 + Level 1.3 Dodging
 + Level 0.1 Stealth
 + Level 0.5 Shields
 + Level 1.0 Spellcasting
 + Level 3.7 Fire Magic


You had 6 spell levels left.
You didn't know any spells.
Your spell library contained the following spells:

 Spells                   Type           Power      Damage    Failure   Level
 Scorch                   Fire           22%        2d5       13%         2
 Inner Flame              Hex/Fire       5%         N/A       50%         3
 Flame Wave               Conj/Fire      5%         2d5       88%         4
 Sticky Flame             Conj/Fire      5%         2d3       88%         4


Dungeon Overview and Level Annotations

Branches:
Dungeon (3/15)

Altars:
Fedhas
Hepliaklqana

Shops:
D:2 (*[

Annotations:
D:3 Terence


Message History

Terence is almost dead.
Terence hits you with a +0 trident.
You hit Terence but do no damage.
Terence is almost dead.
Terence hits you but does no damage.
You closely miss Terence.
Terence is almost dead.
Terence closely misses you.
You barely miss Terence.
Terence is almost dead.
Terence hits you with a +0 trident.
You barely miss Terence.
Terence is almost dead.
Terence barely misses you. Terence hits you with a +0 trident.
You hit Terence but do no damage.
Terence is almost dead.
Terence closely misses you.
You hit Terence but do no damage.
Terence is almost dead.
Terence hits you with a +0 trident!
You are too injured to fight recklessly!
You are too injured to fight recklessly!
You hit Terence. You burn Terence.
Terence is almost dead.
Terence hits you with a +0 trident!
You hit Terence but do no damage.
Terence is almost dead.
Terence misses you.
You barely miss Terence.
Terence is almost dead.
Terence hits you with a +0 trident.
* * * LOW HITPOINT WARNING * * *
You completely miss Terence.
Terence is almost dead.
Terence hits you with a +0 trident!
* * * LOW HITPOINT WARNING * * *
You hit Terence but do no damage.
Terence is almost dead.
Terence hits you with a +0 trident!
You die...

***** ####*### *,,,* #..,,..#
*,,,* #.#**#.# **,,,*
******#####.# #.# #*,,,*
*,,,,,,.....####.########
#*,,,****.########..####.########
.,,,,,,,,......@@.......>########
#*,,,**,*.#.####.#..####.########
#*,,,**,*,*,***#.#..####.########
.,,,,,*<*,*,,,<#.#..####.########
*****,***,*****#.#..####†########
## *,,,,,,,,,,..#..####.......##
.###*****,,,,,,..#..####.#####.##
....,,,,,,,,,,,..#.†####.#####.##
.##########**,*,,#..####.#####.##


You could see Terence.

Vanquished Creatures
  A sleepcap (D:3)
  3 adders
  3 gnolls (D:3)
  2 worms
  A dart slug (D:1)
  5 bats
  4 endoplasms
  5 goblins
  7 hobgoblins
  3 jackals (D:3)
  5 kobolds (D:1)
  5 quokkas
  14 ball pythons
  5 frilled lizards
  A rat (D:2)
64 creatures vanquished.

Vanquished Creatures (others)
  11 foxfires (D:3)
11 creatures vanquished.

Grand Total: 75 creatures vanquished

Notes
Turn   | Place    | Note
-------+----------+-------------------------------------------
     0 | D:1      | LadyBoffin the Hill Orc Cinder Acolyte began the quest for
                  | the Orb.
     0 | D:1      | Reached XP level 1. HP: 19/19 MP: 2/2
    86 | D:1      | Reached XP level 2. HP: 27/27 MP: 3/3
   488 | D:1      | Reached XP level 3. HP: 30/33 MP: 4/4
  1020 | D:2      | Found Myinlon's Weapon Shoppe.
  1421 | D:2      | Reached XP level 4. HP: 29/41 MP: 5/5
  1625 | D:2      | Found Kisep's General Store.
  1648 | D:2      | Reached skill level 5 in Axes
  2054 | D:2      | Found Wyrreiv's Armour Boutique.
  2191 | D:3      | Reached skill level 1 in Armour
  2367 | D:3      | Reached XP level 5. HP: 47/47 MP: 4/6
  2370 | D:3      | Found a hazy altar of Hepliaklqana.
  2388 | D:3      | Found a blossoming altar of Fedhas.
  2586 | D:3      | Reached skill level 1 in Dodging
  2756 | D:3      | Noticed Terence
  2775 | D:3      | HP: 2/47 [Terence/+0 trident (9)]
  2776 | D:3      | Slain by Terence

Illustrated notes

Levels and vault maps discovered:
D:1:      lightli_arrival_windingriver, layout_basic
D:2:      layout_basic, serial_shops, shop, shop, shop
D:3:      layout_basic, mainiacjoe_overflow_large_starburst,
          basic_ecumenical_altar, minmay_goblin_kobold_house, uniq_terence

Skill      XL: |  1  2  3  4  5 |
---------------+----------------+-----
Fighting       | 4 |  4.9
Axes           | 5 |  5.3
Armour         | 1 |  1.4
Dodging        | 1 |  1.3
Stealth        | |  0.1
Shields        | |  0.5
Spellcasting   | |  1.0
Fire Magic     | |  3.7

Action                     |  1- 3 |  4- 6 || total
---------------------------+-------+-------++-------
  Melee: Hand axe          |   111 |   103 ||   214
 Invoke: Foxfire Swarm     |       |     1 ||     1
         Fiery Armour      |       |     1 ||     1
    Use: Scroll            |       |     5 ||     5
 Armour: Robe              |    55 |       ||    55
         Leather armour    |    11 |    74 ||    85
  Dodge: Dodged            |    54 |    49 ||   103
  Block: Buckler           |     4 |    23 ||    27

Table legend: (Time is in decaauts)
 A = Elapsed time spent in this place.
 B = Non-inter-level travel time spent in this place.
 C = Inter-level travel time spent in this place.
 D = Time resting spent in this place.
 E = Time spent auto-exploring this place.
 F = Levels seen in this place.
 G = Mean time per level.
                   A        B        C        D        E       F      G
               +--------+--------+--------+--------+--------+-----+--------+
         Total |   2793 |   2588 |    205 |      0 |   2135 |   3 |  931.0 |
       Dungeon |   2793 |   2588 |    205 |      0 |   2135 |   3 |  931.0 |
               +--------+--------+--------+--------+--------+-----+--------+

Top non-repeatable levels by time:
     D:2: 1097 daAuts
     D:1: 1028 daAuts
     D:3: 667 daAuts
